 Dungeon Crawl Stone Soup version 0.31-a0-845-g9abc20d24f (webtiles) character file.

Game seed: 11773172633288378760

51 Elsrick the Sneak (level 3, -2/30 HPs)
             Began as a Draconian Brigand on Oct 1, 2023.
             Slain by Sigmund
             ... wielding a +0 scythe
              (3 damage)
             ... on level 2 of the Dungeon.
             The game lasted 00:03:23 (854 turns).

Elsrick the Sneak (Draconian Brigand)                Turns: 854, Time: 00:03:24

Health: -2/30      AC:  6    Str: 13    XL:     3   Next: 57%
Magic:  3/3        EV: 11    Int: 11    God:
Gold:   117        SH:  0    Dex: 14    Spells: 2/2 levels left

rFire   . . .        i - +2 dagger (venom)
rCold   . . .        (no shield)
rNeg    . . .        (body armour unavailable)
rPois   .            (helmet restricted)
rElec   .            b - +0 cloak
rCorr   .            (no gloves)
SInv    .            (no boots)
Will    .....        (no amulet)
Stlth   +++          (no ring)
HPRegen 0.25/turn    (no ring)
MPRegen 0.08/turn

%: no passive effects
@: slowed, very slow
A: AC +5, unfitting armour, cold-blooded
a: no special abilities


You were on level 2 of the Dungeon.
You visited 1 branch of the dungeon, and saw 2 of its levels.

You collected 117 gold pieces.

Inventory:

Hand Weapons
 a - a +2 dagger
 g - a +0 short sword of flaming
 i - a +2 dagger of venom (weapon)
Missiles
 c - 8 poisoned darts (quivered)
 d - 3 curare-tipped darts
Armour
 b - a +0 cloak (worn)
Scrolls
 f - a scroll of immolation {unknown}
Potions
 e - 2 potions of heal wounds {unknown}
 h - 2 potions of curing {unknown}
 j - a potion of cancellation {unknown}


   Skills:
 + Level 2.4 Fighting
 + Level 2.2 Short Blades
 + Level 2.1 Throwing
 + Level 1.0 Dodging
 + Level 4.6 Stealth


You had 2 spell levels left.
You didn't know any spells.
Your spell library contained the following spells:

 Spells                   Type           Power      Damage    Failure   Level
 Slow                     Hex            0%         N/A       34%         1
 Confusing Touch          Hex            0%         N/A       71%         3
 Sigil of Binding         Hex            0%         N/A       71%         3
 Vampiric Draining        Necr           0%         2d6       71%         3


Dungeon Overview and Level Annotations

Branches:
Dungeon (2/15)

Altars:

Annotations:
D:2 Sigmund


Innate Abilities, Weirdness & Mutations

Your plain brown scales are hard. (AC +5)
You cannot fit into any form of body armour.
You are cold-blooded and may be slowed by cold attacks.


Message History

The endoplasm hits you but does no damage.
You bump into the rock wall.
Sigmund looks more healthy.
The endoplasm misses you.
You feel less confused. Sigmund misses you. The endoplasm freezes you.
You are frozen.
You feel as though you will be slow longer.
The endoplasm hits you but does no damage.
The endoplasm barely misses you.
You barely miss Sigmund.
Sigmund is moderately wounded.
Sigmund breathes a few words.
Sigmund's hands start flickering wildly.
Sigmund mumbles some strange words.
Sigmund flickers and vanishes!
Deactivating autopickup; reactivate with Ctrl-A.
The endoplasm freezes you.
You are frozen.
The endoplasm hits you but does no damage.
Something hits you.
You barely miss something. The endoplasm closely misses you.
The endoplasm hits you but does no damage.
The endoplasm hits you. Something hits you but does no damage.
The endoplasm freezes you.
You are frozen.
* * * LOW HITPOINT WARNING * * *
You feel as though you will be slow longer.
You miss something. The endoplasm closely misses you.
The endoplasm freezes you.
You are frozen.
* * * LOW HITPOINT WARNING * * *
You hear some strange, mumbled words.
A puff of flame appears from out of thin air!
The puff of flame hits you.
* * * LOW HITPOINT WARNING * * *
You miss something.
Your tail-slap misses something.
The endoplasm hits you but does no damage. x2
Something hits you.
You die...

... ....# #.. ... ...#
...# #..# #.# #.
.#..+###..# .. .
..........# # #.#.#.
..(.....[..####.# #.#.#.
.#.#............#
......#........J.......#
.#.#.#..?......@J###<...
#.#.#.#........{..# ###
..................#
.##.#..#########..#
.##.#.............#
.##.#..#########..#
.##.#..# #..# .......#
#..# ..#.#..#
######..###.#


You could see 2 endoplasms.

Vanquished Creatures
  2 adders (D:2)
  A dart slug (D:1)
  A ball python (D:1)
  2 bats (D:1)
  5 endoplasms
  2 giant cockroaches
  A goblin (D:1)
  3 hobgoblins
  2 quokkas
  A frilled lizard (D:1)
  5 kobolds (D:1)
  2 rats (D:1)
27 creatures vanquished.

Notes
Turn   | Place    | Note
-------+----------+-------------------------------------------
     0 | D:1      | Elsrick the Draconian Brigand began the quest for the Orb.
     0 | D:1      | Reached XP level 1. HP: 17/17 MP: 1/1
   138 | D:1      | Reached skill level 4 in Stealth
   150 | D:1      | Reached XP level 2. HP: 20/24 MP: 2/2
   665 | D:1      | You fall into a shaft and drop 1 floor!
   696 | D:2      | Reached XP level 3. HP: 23/30 MP: 3/3
   771 | D:2      | Reached skill level 1 in Dodging
   807 | D:2      | Noticed Sigmund
   853 | D:2      | HP: 1/30 [something/puff of flame (5)]
   854 | D:2      | Slain by Sigmund

Illustrated notes

Levels and vault maps discovered:
D:1:      saegor_arrival_simple_e, layout_basic
D:2:      layout_basic, basic_altar, hellmonk_ecumenical_altar_slurped_away,
          minmay_misc_feat_five, minmay_circle_x, uniq_sigmund

Skill      XL: |  1  2  3 |
---------------+----------+-----
Stealth        | 4 |  4.6
Throwing       | 2 |  2.1
Dodging        | 1 |  1.0
Fighting       | |  2.4
Short Blades   | |  2.2

Action                     || total
---------------------------++-------
  Melee: Dagger            ||    50
         Short sword       ||     6
         Tailslap          ||     6
  Throw: Dart              ||     7
   Stab: Sleeping          ||     4
 Armour: Skin              ||    33
  Dodge: Dodged            ||    26

Table legend: (Time is in decaauts)
 A = Elapsed time spent in this place.
 B = Non-inter-level travel time spent in this place.
 C = Inter-level travel time spent in this place.
 D = Time resting spent in this place.
 E = Time spent auto-exploring this place.
 F = Levels seen in this place.
 G = Mean time per level.
                   A        B        C        D        E       F      G
               +--------+--------+--------+--------+--------+-----+--------+
         Total |    849 |    849 |      0 |     59 |    426 |   2 |  424.5 |
       Dungeon |    849 |    849 |      0 |     59 |    426 |   2 |  424.5 |
               +--------+--------+--------+--------+--------+-----+--------+

Top non-repeatable levels by time:
     D:1: 660 daAuts
     D:2: 189 daAuts
